 Dungeon Crawl Stone Soup version 0.27-a0-1065-ge809cff456 (webtiles) character file.

Game seed: 8266361634741759870

27 flotson the Covert (level 3, 0/35 HPs)
             Began as a Gnoll Delver on Apr 22, 2021.
             Succumbed to a water moccasin's poison
             ... on level 5 of the Dungeon.
             The game lasted 00:01:53 (415 turns).

flotson the Covert (Gnoll Delver)                    Turns: 415, Time: 00:01:54

Health: 0/35       AC:  3    Str: 12    XL:     3   Next: 10%
Magic:  4/12       EV: 13    Int:  9    God:
Gold:   0          SH:  0    Dex: 16    Spells: 3/3 levels left

rFire    + . .     SeeInvis .   b - +4 dagger of the Sage {flame, rF+ Dex+3}
rCold    . . .     Faith    .   (no shield)
rNeg     . . .     Spirit   +   f - +0 leather armour
rPois    .         Reflect  .   (no helmet)
rElec    .         Harm     .   (no cloak)
rCorr    .         Rampage  .   (no gloves)
Will     .....                  (no boots)
Stlth    ++++......             j - amulet of guardian spirit
HPRegen  0.11/turn              h - ring of magical power
MPRegen  0.13/turn              (no ring)

@: lethally poisoned (0 -> -27), flying
A: fangs 1, strong nose, distributed training
a: no special abilities


You were on level 5 of the Dungeon.
You visited 1 branch of the dungeon, and saw 1 of its levels.

Inventory:

Hand Weapons
 a - a +0 hand axe
 b - the +4 dagger of the Sage (weapon) {flame, rF+ Dex+3}
   (You found it on level 5 of the Dungeon)

   It has been specially enchanted to burn those struck by it, causing extra
   injury to most foes and up to half again as much damage against particularly
   susceptible opponents.
   It affects your dexterity (+3).
   It protects you from fire.
Armour
 f - a +0 leather armour (worn)
Jewellery
 h - a ring of magical power (left hand)
 j - an amulet of guardian spirit (around neck)
Wands
 g - a wand of digging (2)
Scrolls
 c - 2 scrolls of fog
 d - a scroll of magic mapping


   Skills:
 + Level 6.5 Fighting
 + Level 0.6 Short Blades
 + Level 0.6 Long Blades
 + Level 4.5 Axes
 + Level 0.6 Maces & Flails
 + Level 0.6 Polearms
 + Level 0.6 Staves
 + Level 0.6 Slings
 + Level 0.6 Bows
 + Level 0.6 Crossbows
 + Level 0.6 Throwing
 + Level 0.6 Armour
 + Level 4.5 Dodging
 + Level 9.5 Stealth
 + Level 0.6 Shields
 + Level 0.6 Unarmed Combat
 + Level 0.6 Spellcasting
 + Level 0.4 Conjurations
 + Level 0.4 Hexes
 + Level 0.4 Summonings
 + Level 0.4 Necromancy
 + Level 0.4 Translocations
 + Level 0.4 Transmutations
 + Level 0.4 Fire Magic
 + Level 0.4 Ice Magic
 + Level 0.4 Air Magic
 + Level 0.4 Earth Magic
 + Level 0.4 Poison Magic
 + Level 0.8 Invocations
 + Level 0.6 Evocations


You had 3 spell levels left.
You didn't know any spells.
Your spell library was empty.

Dungeon Overview and Level Annotations

Branches:
Dungeon (5/15)
 Temple: D:4-7

Altars:
Trog

Shops:
D:5 *

Portals:
Ossuary: D:5


Innate Abilities, Weirdness & Mutations

You have very sharp teeth.
Your uncanny sense of smell can sniff out nearby items.
Your experience applies equally to all skills.


Message History

You feel very buoyant.
You fly up into the air.
* * * LOW HITPOINT WARNING * * *
You feel very sick. The water moccasin barely misses you.
The water moccasin closely misses you.
It was a potion of heal wounds.
You feel much better.
You feel very sick. The water moccasin barely misses you.
You hit the water moccasin. You burn the water moccasin.
The water moccasin is heavily wounded.
You feel very sick. The water moccasin barely misses you.
You hit the water moccasin. You burn the water moccasin.
The water moccasin is heavily wounded.
You feel sick. The water moccasin misses you. The water moccasin bites you.
You are lethally poisoned!
The water moccasin poisons you!
You miss the water moccasin. Your bite misses the water moccasin.
The water moccasin is heavily wounded.
You feel very sick.
The water moccasin bites you but does no damage.
You hit the water moccasin but do no damage.
The water moccasin is heavily wounded.
You feel very sick. The water moccasin barely misses you.
You completely miss the water moccasin.
The water moccasin is heavily wounded.
* * * LOW HITPOINT WARNING * * *
You feel very sick. The water moccasin bites you!
* * * LOW HITPOINT WARNING * * *
You are more poisoned.
The water moccasin poisons you! The water moccasin closely misses you.
Okay, then.
Unknown command.
You aren't carrying any potions.
Unknown command.
You hit the water moccasin. You burn the water moccasin.
The water moccasin is severely wounded.
You die...

##.########.###
#...#....$..#
#.:.####.#.##
#... ##.##.#
#._.##.###.#
#...#.## #S# ##
##.## #.. #.
##S## ##. .>.#.
#@## . ...#.
### ### ##
#...#. #.>.#.
#. ##


You could see a water moccasin.

Vanquished Creatures
  An iguana (D:5)
  An orc (D:5)
2 creatures vanquished.

Notes
Turn   | Place    | Note
-------+----------+-------------------------------------------
     0 | D:5      | Reached skill level 9 in Stealth
     0 | D:5      | flotson the Gnoll Delver began the quest for the Orb.
     0 | D:5      | Reached XP level 1. HP: 23/23 MP: 1/1
   121 | D:5      | Found Gozag's Platinum Reserve.
   161 | D:5      | Found a sand-covered staircase.
   241 | D:5      | Noticed an ogre
   278 | D:5      | Noticed an iguana
   300 | D:5      | Killed an iguana
   301 | D:5      | Reached XP level 2. HP: 12/29 MP: 2/2
   301 | D:5      | Reached XP level 3. HP: 14/35 MP: 3/3
   319 | D:5      | Identified the +4 dagger of the Sage {flame, rF+ Dex+3}
   333 | D:5      | Noticed a water moccasin
   402 | D:5      | Found a bloodstained altar of Trog.
   415 | D:5      | Succumbed to a water moccasin's poison

Illustrated notes

Levels and vault maps discovered:
D:5:      layout_loops_ring, trog_book, nicolae_gozag_zags_fifth_avenue,
          serial_shops, nicolae_shop_temple_entry_statues_fountains,
          nicolae_ossuary_entry_false_entrances, uniq_crazy_yiuf_cottage

Skill      XL: | |
---------------+-+-----
Stealth        | |  9.5
Fighting       | |  6.5
Short Blades   | |  0.6
Long Blades    | |  0.6
Axes           | |  4.5
Maces & Flails | |  0.6
Polearms       | |  0.6
Staves         | |  0.6
Slings         | |  0.6
Bows           | |  0.6
Crossbows      | |  0.6
Throwing       | |  0.6
Armour         | |  0.6
Dodging        | |  4.5
Shields        | |  0.6
Unarmed Combat | |  0.6
Spellcasting   | |  0.6
Conjurations   | |  0.4
Hexes          | |  0.4
Summonings     | |  0.4
Necromancy     | |  0.4
Translocations | |  0.4
Transmutations | |  0.4
Fire Magic     | |  0.4
Ice Magic      | |  0.4
Air Magic      | |  0.4
Earth Magic    | |  0.4
Poison Magic   | |  0.4
Invocations    | |  0.8
Evocations     | |  0.6

Action                   || total
-------------------------++-------
Melee: Hand axe          ||    18
       Dagger            ||     9
Evoke: Wand              ||     1
  Use: Potion            ||     3
       Scroll            ||     1
Armor: Leather armour    ||     3
Dodge: Dodged            ||    16

Table legend: (Time is in decaauts)
 A = Elapsed time spent in this place.
 B = Non-inter-level travel time spent in this place.
 C = Inter-level travel time spent in this place.
 D = Time resting spent in this place.
 E = Time spent auto-exploring this place.
 F = Levels seen in this place.
 G = Mean time per level.
                   A        B        C        D        E       F      G
               +--------+--------+--------+--------+--------+-----+--------+
         Total |    396 |    350 |     46 |     35 |    159 |   1 |  396.0 |
       Dungeon |    396 |    350 |     46 |     35 |    159 |   1 |  396.0 |
               +--------+--------+--------+--------+--------+-----+--------+

Top non-repeatable levels by time:
     D:5: 396 daAuts
